 Dungeon Crawl Stone Soup version 0.17.0-28-g6e173f8 (webtiles) character file.

189 Raultor the Conjurer (level 5, -4/31 HPs)
             Began as an Octopode Conjurer on Nov 22, 2015.
             Slain by an orc priest
             ... wielding a cursed +0 dagger
              (5 damage)
             ... on level 4 of the Dungeon.
             The game lasted 00:08:08 (3681 turns).

Raultor the Conjurer (Octopode Conjurer)            Turns: 3681, Time: 00:08:08

Health: -4/31      AC:  1    Str:  7    XL:     5   Next: 68%
Magic:  1/8        EV: 12    Int: 19    God:
Gold:   175        SH:  0    Dex: 12    Spells: 3 memorised, 1 level left

rFire  . . .     SeeInvis .     q - +1 whip (pain)
rCold  . . .     Clarity  .     (no shield)
rNeg   . . .     SustAt   .     (helmet restricted)
rPois  .         Gourm    .     (no amulet)
rElec  .         Spirit   .     (no ring)
rCorr  .         Warding  .     (no ring)
rMut   .         Stasis   .     (no ring)
MR     .....                    (no ring)
Stlth  +++.......               (no ring)
                                (no ring)
                                (no ring)
                                (no ring)

@: not resistant to hostile enchantments, fairly stealthy
A: almost no armour, amphibious, 8 rings, constrict 8, camouflage 1, gelatinous
body 1
a: no special abilities


You were on level 4 of the Dungeon.
You were not hungry.

You visited 1 branch of the dungeon, and saw 4 of its levels.

You collected 175 gold pieces.

Inventory:

Hand Weapons
 f - a +0 quarterstaff
 g - a +1 hand axe of freezing
 q - a +1 whip of pain (weapon)
Scrolls
 e - 2 scrolls of identify {unknown}
 h - 3 scrolls of remove curse {unknown}
 r - a scroll of magic mapping {unknown}
 s - a scroll of enchant weapon {unknown}
Potions
 c - a potion of heal wounds {unknown}
 j - a potion of resistance {unknown}
 k - a potion of poison {unknown}
 l - a potion of curing {unknown}
 n - a potion of cancellation {unknown}
Books
 a - a book of Conjurations

   Spells                             Type                      Level
   a - Magic Dart                     Conjuration                  1
   b - Searing Ray                    Conjuration                  2
   c - Dazzling Spray                 Conjuration/Hexes            3
   d - Fulminant Prism                Conjuration/Hexes            4
   e - Iskenderun's Mystic Blast      Conjuration                  4
   f - Iskenderun's Battlesphere      Conjuration/Charms           5
 i - a book of Cantrips

   Spells                             Type                      Level
   a - Corona                         Hexes                        1
   b - Animate Skeleton               Necromancy                   1
   c - Summon Small Mammal            Summoning                    1
   d - Apportation                    Translocation                1
 o - a book of Summonings

   Spells                             Type                      Level
   a - Recall                         Summoning/Translocation      3
   b - Aura of Abjuration             Summoning                    5
   c - Shadow Creatures               Summoning                    5
   d - Summon Demon                   Summoning                    5
   e - Summon Forest                  Summoning/Translocation      5
   f - Summon Mana Viper              Hexes/Summoning              5
Comestibles
 b - 3 bread rations
 d - 5 fruits
 m - a beef jerky
 p - a meat ration
 t - 2 chunks of flesh


   Skills:
 - Level 2.0 Dodging
 - Level 2.6 Stealth
 * Level 2.2 Spellcasting
 + Level 6.6 Conjurations


You had one spell level left.
You knew the following spells:

 Your Spells              Type           Power        Failure   Level  Hunger
a - Magic Dart            Conj           ####         1%          1    #......
b - Searing Ray           Conj           ####..       1%          2    ##.....
c - Iskenderun's Mystic   Conj           ####....     12%         4    #####..


Dungeon Overview and Level Annotations

Branches:
Dungeon (4/15)
 Temple: D:4-7

Altars:
Cheibriados
Gozag


Innate Abilities, Weirdness & Mutations

You cannot wear most types of armour.
You are amphibious.
You can wear up to eight rings at the same time.
You can use your tentacles to constrict eight enemies at once.
Your skin changes colour to match your surroundings (Stealth).
Your rubbery body absorbs attacks (AC +1).


Message History

You hit the orc priest but do no damage.
You grab the orc priest.
The orc priest is moderately wounded.
You constrict the orc priest, but do no damage.
The orc priest misses you.
You hit the orc priest.
The orc priest is moderately wounded.
You constrict the orc priest, but do no damage.
The orc priest mumbles some strange prayers to Beogh against you.
Something smites you!
* * * LOW HITPOINT WARNING * * *
You whack the orc priest!
The orc priest is almost dead.
You constrict the orc priest, but do no damage.
The orc priest misses you.
You hit the orc priest but do no damage.
You squeeze the orc priest, but do no damage.
The orc priest is almost dead.
You constrict the orc priest. The orc priest hits you with a dagger.
You die...

..#..## ##......# #........
........$ #<....P♣
######### #....P...#
#.......###...#PPPP.#
#.....o@.....##.♣♣P..#
.........##..##.♣ ♣PP.##
..P....)###..##.♣♣ ♣..P
♣.$.....# #......♣♣♣♣P♣♣
♣♣......# #..#....PP♣♣..
♣.P....# #..##...P....P
♣♣♣P...###..##.........
♣P..........##)........
#..P.........PP.##........P


You could see an orc priest.

Vanquished Creatures
  A hound (D:3)
  An iguana (D:4)
  6 adders
  An ooze (D:2)
  3 worms
  3 giant geckos
  3 orcs
  5 giant cockroaches
  10 hobgoblins
  6 jackals
  A quokka (D:3)
  2 ball pythons
  7 bats
  5 giant newts
  4 goblins
  A jackal skeleton (D:4)
  2 kobolds (D:1)
  7 rats
68 creatures vanquished.

Notes
Turn   | Place    | Note
--------------------------------------------------------------
     0 | D:1      | Raultor the Octopode Conjurer began the quest for the Orb.
     0 | D:1      | Reached XP level 1. HP: 11/11 MP: 3/3
   471 | D:1      | Reached XP level 2. HP: 17/17 MP: 3/5
   770 | D:1      | Learned a level 2 spell: Searing Ray
  1254 | D:1      | Reached XP level 3. HP: 17/21 MP: 6/6
  1425 | D:2      | Reached skill level 5 in Conjurations
  2165 | D:2      | Reached XP level 4. HP: 27/27 MP: 3/7
  2185 | D:2      | Learned a level 4 spell: Iskenderun's Mystic Blast
  2703 | D:3      | Reached skill level 6 in Conjurations
  2834 | D:3      | Found an opulent altar of Gozag.
  2946 | D:3      | Reached XP level 5. HP: 25/31 MP: 2/8
  3022 | D:3      | Found a snail-covered altar of Cheibriados.
  3679 | D:4      | HP: 1/31 [orc priest/divine providence (14)]
  3681 | D:4      | Slain by an orc priest

Action                   |  1- 3 |  4- 6 || total
-------------------------+-------+-------++-------
Melee: Unarmed           |    55 |       ||    55
       Quarterstaff      |    11 |    12 ||    23
       Hand axe          |     3 |       ||     3
       Whip              |       |    41 ||    41
 Cast: Magic Dart        |    28 |    30 ||    58
       Searing Ray       |     1 |     6 ||     7
       Iskenderun's Myst |       |     1 ||     1
 Stab: Sleeping          |     7 |     5 ||    12
  Eat: Chunk             |     4 |     6 ||    10
